[Event "Titled Tuesday Blitz April 19 Early 2022"]
[White "Le, Tuan Minh"]
[Black "Quirke, Jeffrey"]
[WhiteFideId "12401153"]
[BlackFideId "2013029"]
[WhiteElo "2450"]
[BlackElo "2192"]
[Result "1-0"]
[Round "02"]
[TimeControl "180+1"]
[Date "2022.04.19"]
[WhiteClock "0:00:22"]
[BlackClock "0:00:04"]

1. d4 d5 2. Nf3 e6 3. Bf4 Nf6 4. e3 Bd6 5. Bg3 c5 6. c4 cxd4 7. Nxd4 Bxg3 8. hxg3 e5 9. Nf3 Nc6 10. cxd5 Nxd5 11. Bc4 Be6 12. Nbd2 O-O 13. O-O Nc7 14. Rc1 Qe7 15. Qa4 a6 16. Bxe6 Nxe6 17. Ne4 Rfd8 18. Qb3 Rac8 19. Qb6 h6 20. g4 Qc7 21. Qb3 b5 22. Rc3 Qd7 23. Rfc1 Na5 24. Qa3 Nc4 25. Qb3 f6 26. Qc2 1-0


[Site "https://www.chess.com"]

[Event "Titled Tuesday Blitz April 19 Early 2022"]
[White "Legenia, Artem"]
[Black "Mortazavi, Ali"]
[WhiteFideId "14136945"]
[BlackFideId "401323"]
[WhiteElo "1936"]
[BlackElo "2339"]
[Result "0-1"]
[Round "02"]
[TimeControl "180+1"]
[Date "2022.04.19"]
[WhiteClock "0:00:02"]
[BlackClock "0:00:30"]

1. Nf3 Nf6 2. g3 g6 3. Bg2 Bg7 4. O-O O-O 5. d3 d6 6. e4 c5 7. h3 Nc6 8. Nbd2 Rb8 9. Re1 Nd7 10. Nf1 b5 11. c3 a5 12. d4 b4 13. Be3 bxc3 14. bxc3 cxd4 15. cxd4 Ba6 16. N1h2 Nb4 17. Bf1 Bxf1 18. Nxf1 Rc8 19. Rc1 Rxc1 20. Bxc1 Nxa2 21. Bd2 Nb4 22. Qa4 Nf6 23. Bxb4 axb4 24. Qxb4 e6 25. N1d2 Qc7 26. Rb1 Rc8 27. Qb6 Qc2 28. Qb7 Bh6 29. Qb4 Kg7 30. Re1 Rc3 31. Qxd6 Bxd2 32. Ra1 Nxe4 33. Qe5+ Nf6 34. Nxd2 Qxd2 35. Ra7 Rc1+ 36. Kg2 Qd1 37. g4 Qh1+ 38. Kg3 Rg1+ 39. Kh4 Rxg4# 0-1


[Site "https://www.chess.com"]

[Event "Titled Tuesday Blitz April 19 Early 2022"]
[White "Lehtosaari, Mauri"]
[Black "Hernandez Jimenez, Alexander Andres"]
[WhiteFideId "501999"]
[BlackFideId "3900452"]
[WhiteElo "2537"]
[BlackElo "2098"]
[Result "1-0"]
[Round "02"]
[TimeControl "180+1"]
[Date "2022.04.19"]
[WhiteClock "0:00:24"]
[BlackClock "0:00:59"]

1. d4 Nf6 2. Nf3 e6 3. Bg5 b6 4. Nbd2 Bb7 5. e3 c5 6. Bd3 cxd4 7. exd4 d6 8. c3 Nbd7 9. O-O Be7 10. a4 a6 11. Qe2 h6 12. Bh4 Qc7 13. Rfe1 O-O 14. Nc4 Rfe8 15. Rac1 Nd5 16. Bg3 N7f6 17. Nfd2 Rad8 18. h3 Bf8 19. Ne4 Nxe4 20. Bxe4 b5 21. axb5 axb5 22. Nd2 Bc6 23. Qd3 Qb7 24. b3 b4 25. c4 Nc3 26. Bxc6 Qxc6 27. Ne4 Rb8 28. Nxc3 bxc3 29. Rxc3 Rb4 30. d5 exd5 31. Rxe8 Qxe8 32. cxd5 Qe1+ 33. Kh2 Re4 34. Rc8 Re8 35. Qc4 g6 36. Rxe8 Qxe8 37. b4 Qb8 38. b5 Be7 39. Qc6 Kg7 40. b6 Bd8 41. b7 Bc7 42. Bf4 Qd8 43. Be3 Bb8 44. Bd4+ Kf8 45. Qc8 Ke8 46. Bf6 1-0


[Site "https://www.chess.com"]

[Event "Titled Tuesday Blitz April 19 Early 2022"]
[White "Liyanage, Ranindu Dilshan"]
[Black "Martinez Alcantara, Jose Eduardo"]
[WhiteFideId "9915834"]
[BlackFideId "3805662"]
[WhiteElo "1858"]
[BlackElo "2690"]
[Result "0-1"]
[Round "02"]
[TimeControl "180+1"]
[Date "2022.04.19"]
[WhiteClock "0:00:04"]
[BlackClock "0:00:05"]

1. d4 Nf6 2. Nc3 d5 3. Bf4 a6 4. e3 e6 5. g4 c5 6. g5 Nfd7 7. Qg4 Nc6 8. O-O-O Qa5 9. Qg3 Nb6 10. Bc7 Bd7 11. Bg2 Rc8 12. Nge2 Be7 13. h4 O-O 14. Kb1 Rxc7 15. Qxc7 Rc8 16. Qf4 cxd4 17. exd4 Nc4 18. Qg3 Qb6 19. Na4 Qa5 20. Nec3 Qb4 21. b3 b5 22. Bxd5 Na3+ 23. Kb2 bxa4 24. Bxc6 Bxc6 25. Rhe1 Bd6 26. Qd3 axb3 27. axb3 Nb5 28. Na2 Qa5 29. c4 Na3 30. Qc3 Qd8 31. Nb4 Bb7 32. Kxa3 a5 33. c5 axb4+ 34. Qxb4 Bf3 35. cxd6 Bxd1 36. Rxd1 Rc6 37. d5 Rxd6 38. Qc5 exd5 39. b4 h6 40. Rd4 hxg5 41. hxg5 Rd7 42. b5 Qxg5 43. b6 Qd8 44. Rb4 Rb7 45. Qc6 Qe7 46. Ka4 g6 47. Qc7 Rxc7 0-1


[Site "https://www.chess.com"]

[Event "Titled Tuesday Blitz April 19 Early 2022"]
[White "Ljukin, Sergei"]
[Black "Zor, Alber Kadir"]
[WhiteFideId "14102200"]
[BlackFideId "6353169"]
[WhiteElo "2312"]
[BlackElo "1966"]
[Result "1-0"]
[Round "02"]
[TimeControl "180+1"]
[Date "2022.04.19"]
[WhiteClock "0:00:51"]
[BlackClock "0:00:10"]

1. e4 c5 2. Nf3 d6 3. d4 cxd4 4. Nxd4 Nf6 5. Nc3 Nc6 6. Bc4 Qb6 7. Nb3 e6 8. Bg5 Be7 9. Bxf6 gxf6 10. Qh5 Ne5 11. Be2 Bd7 12. f4 Nc6 13. Rf1 Nd4 14. Bd3 Nxb3 15. axb3 Qe3+ 16. Be2 Bc6 17. Qf3 Qxf3 18. Bxf3 a6 19. O-O-O O-O-O 20. f5 Rhg8 21. h3 Kc7 22. Bg4 Bd7 23. Ne2 Rg5 24. Nf4 h5 25. Bxh5 Bf8 26. Bg4 Bh6 27. Kb1 exf5 28. exf5 Bc6 29. Nh5 Bxg2 30. Rfe1 Bc6 31. Nxf6 Bg7 32. Re7+ Rd7 33. Nxd7 Bxd7 34. Rxf7 Be5 35. f6 1-0


[Site "https://www.chess.com"]

[Event "Titled Tuesday Blitz April 19 Early 2022"]
[White "Lou, Yiping"]
[Black "Ingebretsen, Jens E"]
[WhiteFideId "8603928"]
[BlackFideId "1522965"]
[WhiteElo "2412"]
[BlackElo "2072"]
[Result "0-1"]
[Round "02"]
[TimeControl "180+1"]
[Date "2022.04.19"]
[WhiteClock "0:00:15"]
[BlackClock "0:00:13"]

1. c4 e5 2. Nc3 Nf6 3. Nf3 Nc6 4. e3 Bb4 5. Qc2 Bxc3 6. Qxc3 Qe7 7. d3 O-O 8. Be2 d5 9. O-O dxc4 10. Qxc4 Be6 11. Qh4 h6 12. Bd2 Qd6 13. Rfc1 Rfd8 14. Be1 a5 15. Nd2 Nb4 16. Nc4 Bxc4 17. Qxc4 c6 18. Rd1 b5 19. Qc1 a4 20. d4 e4 21. Bxb4 Qxb4 22. Qxc6 Qxb2 23. Qxb5 Rab8 24. Qxb2 Rxb2 25. Bc4 Rc8 26. Rac1 Kf8 27. h3 Rb4 28. Bf1 Rxc1 29. Rxc1 Rb2 30. Bc4 Ke7 31. Rc3 Ne8 32. Bd5 f5 33. Rc5 Nd6 34. g4 Rb5 35. gxf5 a3 36. Be6 Rb1+ 37. Kg2 Nb5 38. Rc7+ Nxc7 39. Bc4 Rc1 40. Bb3 Nb5 41. Kg3 Nc3 42. Kf4 Rb1 43. Bg8 Rb2 44. Ke5 Nxa2 45. d5 Nb4 46. d6+ Kd8 47. f6 gxf6+ 48. Kxf6 a2 0-1


[Site "https://www.chess.com"]

[Event "Titled Tuesday Blitz April 19 Early 2022"]
[White "Markelova, Lubov"]
[Black "Moskvin, Anatoly"]
[WhiteFideId "24131369"]
[BlackFideId "24199990"]
[WhiteElo "1857"]
[BlackElo "2079"]
[Result "0-1"]
[Round "02"]
[TimeControl "180+1"]
[Date "2022.04.19"]
[WhiteClock "0:01:34"]
[BlackClock "0:02:02"]

1. e4 e5 2. Nf3 Nc6 3. Bc4 Nf6 4. d3 Bc5 5. O-O d6 6. c3 Bb6 7. Re1 Ne7 8. Nbd2 Ng6 9. Nf1 c6 10. Ng3 h6 11. b4 Nh7 12. a4 a5 13. b5 Ng5 14. bxc6 bxc6 15. Rb1 Bc7 16. Qb3 Nxf3+ 17. gxf3 Qf6 18. Kg2 Nh4+ 19. Kf1 Qxf3 20. Be3 Bh3+ 21. Kg1 Qg2# 0-1


[Site "https://www.chess.com"]

[Event "Titled Tuesday Blitz April 19 Early 2022"]
[White "Martic, Ivan"]
[Black "Nogerbek, Kazybek"]
[WhiteFideId "929301"]
[BlackFideId "13710427"]
[WhiteElo "2317"]
[BlackElo "2466"]
[Result "0-1"]
[Round "02"]
[TimeControl "180+1"]
[Date "2022.04.19"]
[WhiteClock "0:00:16"]
[BlackClock "0:00:22"]

1. d4 Nf6 2. Nf3 d5 3. c4 e6 4. Nc3 Bb4 5. Qa4+ Nc6 6. cxd5 exd5 7. Bg5 h6 8. Bxf6 Qxf6 9. e3 O-O 10. Be2 Bf5 11. O-O Rfd8 12. a3 Bf8 13. Qb3 Na5 14. Qa2 Be6 15. b4 Nc4 16. Bxc4 dxc4 17. Rac1 c6 18. Rfe1 b5 19. Ne5 Bf5 20. f4 a5 21. Qb2 axb4 22. axb4 Qd6 23. Qf2 Ra3 24. e4 Bh7 25. d5 Rxc3 26. Rxc3 cxd5 27. f5 Qxe5 28. Rg3 d4 29. f6 g6 30. Kh1 d3 31. Rd1 Bxb4 32. h4 Bd6 33. Rh3 h5 34. Qe3 Qxf6 35. Qb6 Be5 36. Qxb5 c3 37. Rhxd3 Qxh4+ 0-1


[Site "https://www.chess.com"]

[Event "Titled Tuesday Blitz April 19 Early 2022"]
[White "Melikhov, Evgeny V."]
[Black "Bocharov, Dmitry"]
[WhiteFideId "4122046"]
[BlackFideId "4138716"]
[WhiteElo "1931"]
[BlackElo "2541"]
[Result "0-1"]
[Round "02"]
[TimeControl "180+1"]
[Date "2022.04.19"]
[WhiteClock "0:00:22"]
[BlackClock "0:00:47"]

1. d4 Nf6 2. c4 e6 3. Nc3 Bb4 4. Qc2 c5 5. dxc5 Qc7 6. a3 Bxc5 7. Nf3 a6 8. e3 Be7 9. b3 b6 10. Bb2 Bb7 11. Be2 d6 12. g4 b5 13. g5 Ng4 14. Rg1 Ne5 15. Nxe5 dxe5 16. O-O-O bxc4 17. Bxc4 Nd7 18. h4 Rc8 19. h5 Nb6 20. g6 Nxc4 21. gxf7+ Kxf7 22. bxc4 Qxc4 23. Rd7 Be4 24. Qd2 Rhd8 25. Qd6 Rxd7 26. Qxd7 Rc7 27. Qd2 Qb3 28. f3 Bxa3 29. fxe4 Bxb2+ 30. Qxb2 Rxc3+ 31. Kb1 Qxb2+ 32. Kxb2 Rxe3 33. Rg4 Rh3 0-1


[Site "https://www.chess.com"]

[Event "Titled Tuesday Blitz April 19 Early 2022"]
[White "Meshkovs, Nikita"]
[Black "Khamdamova, Afruza"]
[WhiteFideId "11602740"]
[BlackFideId "14210444"]
[WhiteElo "2506"]
[BlackElo "1660"]
[Result "1-0"]
[Round "02"]
[TimeControl "180+1"]
[Date "2022.04.19"]
[WhiteClock "0:01:13"]
[BlackClock "0:00:28"]

1. e4 e5 2. Nc3 Nf6 3. d4 exd4 4. Qxd4 Nc6 5. Qd3 Bb4 6. Bd2 O-O 7. O-O-O d6 8. Qg3 Be6 9. h4 a5 10. h5 Bxc3 11. Bxc3 h6 12. a3 Qe7 13. Nf3 b5 14. Bxb5 Bd7 15. Rde1 Rfb8 16. Bxc6 Bxc6 17. Nd4 Bd7 18. Nf5 Bxf5 19. exf5 Qd8 20. Re4 d5 21. Rg4 Nxg4 22. Qxg4 f6 23. Re1 c5 24. Re6 d4 25. Bd2 Kh8 26. Qg6 Qf8 27. Bf4 Re8 28. Bd6 Qg8 29. Be7 Ra7 30. Bxc5 Rxe6 31. fxe6 Qxe6 32. Kd2 Rd7 33. b4 axb4 34. axb4 Qc4 35. Qe8+ Kh7 36. Qxd7 Qc3+ 37. Kd1 Qa1+ 38. Ke2 Qc3 39. Qf5+ Kg8 40. Qd3 Qb2 41. Bxd4 Qc1 42. b5 1-0


[Site "https://www.chess.com"]

[Event "Titled Tuesday Blitz April 19 Early 2022"]
[White "Mika, Tomasz"]
[Black "Cherniaiev, Tykhon"]
[WhiteFideId "1132970"]
[BlackFideId "14182360"]
[WhiteElo "2116"]
[BlackElo "2289"]
[Result "0-1"]
[Round "02"]
[TimeControl "180+1"]
[Date "2022.04.19"]
[WhiteClock "0:00:29"]
[BlackClock "0:01:36"]

1. d4 Nf6 2. Nf3 e6 3. g3 d5 4. Bg2 Be7 5. O-O O-O 6. c4 dxc4 7. Qc2 a6 8. a4 Bd7 9. Ne5 Bc6 10. Nxc6 Nxc6 11. Bxc6 bxc6 12. Qxc4 Qd5 13. Qxd5 cxd5 14. Nc3 c5 15. dxc5 Bxc5 16. Rb1 Rab8 17. b3 Rfc8 18. Bf4 Rb6 19. Rfc1 Rbc6 20. b4 Bxf2+ 21. Kxf2 Rxc3 22. Rxc3 Ne4+ 23. Ke1 Nxc3 24. Rc1 Rc4 25. Be3 Nxa4 26. Rxc4 dxc4 27. Bd4 f6 0-1


[Site "https://www.chess.com"]

[Event "Titled Tuesday Blitz April 19 Early 2022"]
[White "Mikhailovsky, Vladimir"]
[Black "Seemann, Jakub"]
[WhiteFideId "34105414"]
[BlackFideId "21874697"]
[WhiteElo "2349"]
[BlackElo "2003"]
[Result "0-1"]
[Round "02"]
[TimeControl "180+1"]
[Date "2022.04.19"]
[WhiteClock "0:00:02"]
[BlackClock "0:00:06"]

1. e4 e6 2. d4 d5 3. Nc3 dxe4 4. Nxe4 Nd7 5. Nf3 Ngf6 6. Ng3 Be7 7. Bd3 O-O 8. O-O c5 9. c3 cxd4 10. Nxd4 Qc7 11. Qe2 Nc5 12. Bc2 a6 13. Re1 b6 14. Ngf5 Bd8 15. Nh4 Bb7 16. Nhf3 Nd5 17. Ng5 h6 18. Qh5 Nf4 19. Bxf4 Qxf4 20. Nh3 Qf6 21. Rad1 Bc7 22. Qg4 Rad8 23. Nf3 g6 24. a4 h5 25. Qg5 Qxg5 26. Nhxg5 Rfe8 27. b4 Nd7 28. Be4 Bc8 29. Bc6 Rf8 30. Ne4 Nb8 31. b5 Nxc6 32. bxc6 e5 33. Nf6+ Kg7 34. Nd7 Rfe8 35. h4 Re7 36. Rd2 Bxd7 37. cxd7 Rexd7 38. Rxd7 Rxd7 39. Nxe5 Rd5 40. Nf3 Rc5 41. Re7 Rxc3 42. Ng5 Rc1+ 43. Re1 Rxe1# 0-1


[Site "https://www.chess.com"]

[Event "Titled Tuesday Blitz April 19 Early 2022"]
[White "Mikhalsky, Vladimir"]
[Black "parintele_chess"]
[WhiteFideId "14144352"]
[WhiteElo "2301"]
[BlackElo "2244"]
[Result "1/2-1/2"]
[Round "02"]
[TimeControl "180+1"]
[Date "2022.04.19"]
[WhiteClock "0:00:41"]
[BlackClock "0:00:21"]

1. e4 c6 2. d4 d5 3. Nc3 dxe4 4. Nxe4 Nf6 5. Nxf6+ gxf6 6. g3 Bf5 7. Bg2 Nd7 8. c4 e6 9. Nf3 Bb4+ 10. Bd2 Qa5 11. a3 Bxd2+ 12. Nxd2 Qc7 13. c5 Bd3 14. Qf3 Ba6 15. Ne4 O-O-O 16. Nd6+ Kb8 17. O-O-O Rhf8 18. b4 f5 19. a4 Nb6 20. Qb3 Rxd6 21. cxd6 Qxd6 22. b5 cxb5 23. axb5 Rc8+ 24. Kb1 Nc4 25. bxa6 Qxa6 26. Bf1 Na3+ 27. Kb2 Qa5 28. Bd3 Rc6 29. Qxa3 Rb6+ 30. Ka2 Qd5+ 31. Ka1 Qxd4+ 32. Ka2 Qd5+ 33. Ka1 Qd4+ 34. Ka2 Qd5+ 35. Ka1 Qd4+ 1/2-1/2


[Site "https://www.chess.com"]

[Event "Titled Tuesday Blitz April 19 Early 2022"]
[White "Mohammadian, Mohammad"]
[Black "Dorokhin, Mykhailo"]
[WhiteFideId "12566055"]
[BlackFideId "14114178"]
[WhiteElo "1544"]
[BlackElo "2280"]
[Result "0-1"]
[Round "02"]
[TimeControl "180+1"]
[Date "2022.04.19"]
[WhiteClock "0:00:35"]
[BlackClock "0:01:39"]

1. e4 c6 2. d4 d5 3. Nd2 dxe4 4. Nxe4 Nf6 5. Nxf6+ gxf6 6. Nf3 Bf5 7. Bd3 e6 8. Bxf5 Qa5+ 9. c3 Qxf5 10. Be3 Nd7 11. Qd2 Rg8 12. O-O Qxf3 13. Bg5 Qf5 14. Bf4 Nb6 15. Bg3 O-O-O 16. a4 h5 17. a5 Nd5 18. c4 Nc7 19. Bxc7 Kxc7 20. d5 Rxg2+ 21. Kxg2 Qg4+ 22. Kh1 Qf3+ 23. Kg1 Bd6 24. Qe3 Rg8+ 25. Qg5 Rxg5# 0-1


[Site "https://www.chess.com"]

[Event "Titled Tuesday Blitz April 19 Early 2022"]
[White "Mokshanov, Alexey"]
[Black "Zhigalko, Sergei"]
[WhiteFideId "24121657"]
[BlackFideId "13502956"]
[WhiteElo "2141"]
[BlackElo "2662"]
[Result "0-1"]
[Round "02"]
[TimeControl "180+1"]
[Date "2022.04.19"]
[WhiteClock "0:00:06"]
[BlackClock "0:00:02"]

1. e4 c5 2. Nf3 Nc6 3. Bb5 Nf6 4. Bxc6 dxc6 5. d3 Bg4 6. Nc3 Qc7 7. h3 Bh5 8. Be3 Nd7 9. Ne2 Bxf3 10. gxf3 g6 11. f4 Bg7 12. c3 O-O-O 13. Qc2 e6 14. O-O-O b6 15. Kb1 Nf6 16. Rhg1 Rhe8 17. a3 Kb7 18. Qa4 Rd7 19. Qb3 Red8 20. Kc2 Bf8 21. a4 Ka8 22. Qc4 Qb7 23. Rd2 b5 24. axb5 cxb5 25. Qa2 Nxe4 26. dxe4 Qxe4+ 27. Kd1 Rxd2+ 28. Bxd2 Qf3 29. Ke1 Qxh3 30. Qa6 Qd3 31. Kf1 Qxd2 32. Qc6+ Kb8 33. Qxb5+ Kc7 34. Rg3 Qd1+ 35. Kg2 Qd5+ 36. Kh2 Qc6 37. Qc4 Rd1 38. Rg2 Bd6 39. Kg3 h5 40. f3 Rd5 41. Kf2 Rf5 42. Ke3 Qd5 43. Qa4 Qb7 44. b4 cxb4 45. cxb4 Bxb4 46. Nd4 Bc5 47. Rc2 g5 48. Ke2 Rd5 49. Nb5+ Kb8 50. Rb2 a6 51. Qc4 axb5 52. Rxb5 Bb6 0-1


[Site "https://www.chess.com"]

[Event "Titled Tuesday Blitz April 19 Early 2022"]
[White "Muradov, Soltan"]
[Black "Aradhya, Garg"]
[WhiteFideId "14002108"]
[BlackFideId "25006746"]
[WhiteElo "1854"]
[BlackElo "2169"]
[Result "0-1"]
[Round "02"]
[TimeControl "180+1"]
[Date "2022.04.19"]
[WhiteClock "0:00:41"]
[BlackClock "0:01:01"]

1. c4 c6 2. d4 d5 3. cxd5 cxd5 4. Nf3 Nc6 5. Nc3 Nf6 6. Bg5 Ne4 7. Bh4 f6 8. e3 g5 9. Bg3 h5 10. h3 Nxg3 11. fxg3 e6 12. Bd3 Bd6 13. Bg6+ Kf8 14. O-O Kg7 15. Bd3 Bxg3 16. Qe2 g4 17. Nd2 f5 18. Rfd1 Qh4 19. Nf1 gxh3 20. gxh3 Bc7 21. Qf3 Rg8 22. Kh1 Kf7 23. Nb5 Bg3 24. Rd2 Qxh3+ 25. Kg1 Be1+ 26. Rg2 0-1


[Site "https://www.chess.com"]

[Event "Titled Tuesday Blitz April 19 Early 2022"]
[White "Nakamura, Hikaru"]
[Black "Mirzoev, Azer"]
[WhiteFideId "2016192"]
[BlackFideId "13400304"]
[WhiteElo "2850"]
[BlackElo "2525"]
[Result "1-0"]
[Round "02"]
[TimeControl "180+1"]
[Date "2022.04.19"]
[WhiteClock "0:00:55"]
[BlackClock "0:00:05"]

1. Nf3 Nf6 2. b3 d5 3. Bb2 e6 4. e3 Be7 5. c4 O-O 6. d4 Nbd7 7. Bd3 c5 8. O-O b6 9. cxd5 Nxd5 10. a3 Bb7 11. Nbd2 cxd4 12. Nxd4 Nc5 13. Be2 Nf6 14. b4 Nce4 15. N2f3 Rc8 16. Qa4 a5 17. Rfd1 Nd5 18. Rac1 axb4 19. axb4 Rxc1 20. Rxc1 Nxb4 21. Qa7 Qa8 22. Qxb6 Nd5 23. Qb3 Nc5 24. Qc2 Rc8 25. Ra1 Qb8 26. Qb1 h6 27. h3 Bf6 28. Ra5 Qc7 29. Ra2 Nd7 30. Qa1 Nb4 31. Ra4 Nd5 32. Ra3 Nc5 33. Nb5 Bxb2 34. Qxb2 Qd8 35. Ne5 Nf6 36. Nd4 Nce4 37. Qxb7 Rc1+ 38. Kh2 Nxf2 39. Qxf7+ Kh8 40. Qxg7+ Kxg7 41. Nxe6+ Kg8 42. Nxd8 N6e4 43. g4 Re1 44. Bc4+ Kf8 45. Ra7 Rh1+ 46. Kg2 Rxh3 47. Ne6+ Ke8 48. Bb5# 1-0


[Site "https://www.chess.com"]

[Event "Titled Tuesday Blitz April 19 Early 2022"]
[White "Namitbir Singh Walia"]
[Black "Bilan, Danila"]
[WhiteFideId "35071068"]
[BlackFideId "24161918"]
[WhiteElo "1565"]
[BlackElo "2164"]
[Result "0-1"]
[Round "02"]
[TimeControl "180+1"]
[Date "2022.04.19"]
[WhiteClock "0:00:02"]
[BlackClock "0:00:04"]

1. d4 d5 2. c4 c6 3. g3 Nf6 4. Bg2 g6 5. Nf3 Bg7 6. cxd5 cxd5 7. Qa4+ Bd7 8. Qb3 Bc6 9. Ne5 O-O 10. Nc3 Nbd7 11. Bf4 Nh5 12. Bxd5 Bxd5 13. Qxd5 Nxf4 14. gxf4 Nxe5 15. dxe5 Qb6 16. Qb5 Qc7 17. Nd5 Qc2 18. Nxe7+ Kh8 19. O-O Rae8 20. Nd5 a6 21. Ne3 Qc7 22. Qb3 b5 23. Rfd1 Qc8 24. Rac1 Qh3 25. Nd5 Qh5 26. Qf3 Qf5 27. Ne3 Qe6 28. b3 Bh6 29. Rd6 Qe7 30. Qh3 Bxf4 31. Nd5 Qxe5 32. Nxf4 Qxd6 33. Nd3 Qe7 34. Nf4 Qg5+ 35. Qg3 Qxg3+ 36. hxg3 Rc8 37. Rd1 Rc2 38. Rd7 Rxa2 39. Kg2 Kg7 40. Ne6+ Kg8 41. Nxf8 Kxf8 42. Ra7 Rxe2 43. Rxa6 Rb2 44. Ra3 b4 45. Ra8+ Kg7 46. Rb8 Rxb3 47. g4 g5 48. f3 Kg6 49. Rb6+ f6 50. Kg3 Rb1 51. Kf2 b3 52. Kg2 b2 53. Kh2 h5 54. gxh5+ Kxh5 55. Kg2 Kg6 56. Rb5 Kf7 57. Rb6 Kg7 58. Rb7+ Kg6 59. Rb6 Kf5 60. Rb5+ Kf4 61. Rb4+ Ke3 62. Rb6 f5 63. Rb3+ Ke2 64. Rb5 Kd2 65. Rb8 Ke3 66. Re8+ Kf4 67. Rb8 g4 68. Rb4+ Kg5 69. fxg4 f4 70. Kh2 Kxg4 71. Kg2 Kf5 72. Kh2 f3 73. Rb3 Ke4 74. Rb8 f2 0-1


[Site "https://www.chess.com"]

[Event "Titled Tuesday Blitz April 19 Early 2022"]
[White "Niyazgulova, Marina"]
[Black "Cramling Bellon, Anna"]
[WhiteFideId "24142573"]
[BlackFideId "32009232"]
[WhiteElo "2046"]
[BlackElo "1905"]
[Result "0-1"]
[Round "02"]
[TimeControl "180+1"]
[Date "2022.04.19"]
[WhiteClock "0:00:19"]
[BlackClock "0:00:25"]

1. d4 Nf6 2. c4 e6 3. Nc3 d5 4. Nf3 c6 5. cxd5 exd5 6. Bg5 Be7 7. Qc2 O-O 8. e3 h6 9. Bh4 Be6 10. Bd3 Nbd7 11. O-O Rc8 12. Ne5 Nxe5 13. dxe5 Nd7 14. Bxe7 Qxe7 15. f4 c5 16. f5 c4 17. Be2 Qg5 18. fxe6 Qxe3+ 19. Kh1 fxe6 20. Nb5 Qxe5 21. Qd2 Nc5 22. Nxa7 Ne4 23. Qe3 Nf2+ 24. Qxf2 Rxf2 25. Rxf2 Qe3 26. Nxc8 Qxf2 27. Bf3 Qxb2 28. Re1 c3 29. Bd1 Qf2 30. Rg1 c2 31. Bxc2 Qxc2 32. Ne7+ Kf7 33. Nxd5 exd5 34. h3 d4 35. Kh2 d3 36. Kg3 d2 37. Kg4 d1=Q+ 38. Rxd1 Qxd1+ 39. Kg3 Qd3+ 0-1


[Site "https://www.chess.com"]

[Event "Titled Tuesday Blitz April 19 Early 2022"]
[White "Nozdrachev, Leonid"]
[Black "Mekhitarian, Krikor Sevag"]
[WhiteFideId "24113433"]
[BlackFideId "2107660"]
[WhiteElo "2242"]
[BlackElo "2598"]
[Result "0-1"]
[Round "02"]
[TimeControl "180+1"]
[Date "2022.04.19"]
[WhiteClock "0:00:04"]
[BlackClock "0:00:05"]

1. e4 c5 2. c3 d5 3. exd5 Qxd5 4. d4 g6 5. Nf3 Bg7 6. Be3 cxd4 7. Bxd4 Nf6 8. Na3 O-O 9. Bxf6 Qxd1+ 10. Rxd1 Bxf6 11. Nb5 Nc6 12. Be2 Rb8 13. Nfd4 Nxd4 14. Nxd4 Bd7 15. Bf3 a6 16. O-O Rfd8 17. Rfe1 Kf8 18. g3 Bg7 19. Kg2 e5 20. Nb3 b6 21. Bd5 f5 22. Re2 Bb5 23. Red2 Bh6 24. f4 exf4 25. Nd4 Rxd5 26. Ne6+ Ke7 27. Rxd5 Kxe6 28. Rd6+ Ke7 29. c4 Be8 30. b4 fxg3 31. hxg3 Bg7 32. c5 bxc5 33. bxc5 Bb5 34. Rh1 Rh8 35. a4 Bxa4 36. Rxa6 Bb5 37. Rb6 Bd3 38. Rd1 Be4+ 39. Kf2 Rc8 40. Rb5 Be5 41. Ra5 Bc7 42. Ra6 Be5 43. Ra7+ Rc7 44. Ra5 h5 45. Ra6 Kf7 46. Ra5 Bc3 47. Rb5 Be5 48. Ra5 g5 49. c6 Kf6 50. Rd8 Rxc6 51. Rf8+ Kg7 52. Rd8 Rc2+ 53. Ke1 Bxg3+ 54. Kd1 Rc7 55. Ke2 Bf4 56. Rb5 h4 57. Rbb8 h3 58. Rg8+ Kf6 59. Rbf8+ Ke5 60. Re8+ Kd5 61. Rd8+ Kc5 62. Rh8 h2 63. Rd1 h1=Q 64. Rdxh1 Bxh1 65. Rxh1 Kd4 66. Kf3 Rc3+ 67. Kf2 Ke4 68. Rh8 Rc2+ 69. Ke1 Kf3 70. Rh3+ Bg3+ 71. Kd1 Ra2 72. Rh5 Kf4 73. Rh8 g4 74. Ra8 Rxa8 75. Ke2 Rf8 76. Kf1 Re8 77. Kg2 Re2+ 78. Kh1 Kf3 79. Kg1 Re1# 0-1


[Site "https://www.chess.com"]

[Event "Titled Tuesday Blitz April 19 Early 2022"]
[White "Okike, David"]
[Black "Reprintsev, Alexander"]
[WhiteFideId "8500134"]
[BlackFideId "14100541"]
[WhiteElo "2232"]
[BlackElo "2108"]
[Result "1-0"]
[Round "02"]
[TimeControl "180+1"]
[Date "2022.04.19"]
[WhiteClock "0:02:02"]
[BlackClock "0:01:25"]

1. e4 d5 2. exd5 Qxd5 3. Nc3 Qa5 4. Bc4 Nf6 5. Nge2 e5 6. d3 Bf5 7. Bd2 c6 8. Ng3 Bg6 9. h4 h5 10. Qe2 Nbd7 11. Nd5 Qd8 12. Nxf6+ Qxf6 13. O-O-O Bc5 14. f3 Qd6 15. Ne4 Qe7 16. Nxc5 Qxc5 17. a3 O-O-O 18. Rhe1 Rhe8 19. Qe3 Qxe3 20. Bxe3 b6 21. Bg5 f6 22. Be3 Kc7 23. b4 Re7 24. Bf2 Bf7 25. Bxf7 Rxf7 26. Bg3 Kb7 27. d4 Re8 28. dxe5 Rfe7 29. exf6 Rxe1 30. Rxe1 Rxe1+ 31. Bxe1 gxf6 32. Bc3 Kc7 33. Kd2 Kd6 34. Ke3 Ke6 35. Ke4 Nf8 36. g4 Ng6 37. gxh5 f5+ 38. Ke3 Nxh4 39. Kf4 Kf7 40. Kg3 1-0


[Site "https://www.chess.com"]

[Event "Titled Tuesday Blitz April 19 Early 2022"]
[White "Omariev, Maksim"]
[Black "Samsonkin, Artiom"]
[WhiteFideId "4193423"]
[BlackFideId "13503111"]
[WhiteElo "2480"]
[BlackElo "2513"]
[Result "0-1"]
[Round "02"]
[TimeControl "180+1"]
[Date "2022.04.19"]
[WhiteClock "0:01:55"]
[BlackClock "0:02:08"]

1. b3 e5 2. Bb2 Nc6 3. e3 d6 4. c4 g6 5. d4 Bg7 6. Nf3 Nge7 7. dxe5 O-O 8. Be2 dxe5 9. O-O e4 10. Nd4 Nf5 11. Nxc6 Qxd1 12. Rxd1 Bxb2 0-1


[Site "https://www.chess.com"]

[Event "Titled Tuesday Blitz April 19 Early 2022"]
[White "Omelja, Artem"]
[Black "Pourkashiyan, Atousa"]
[WhiteFideId "14119846"]
[BlackFideId "12502014"]
[WhiteElo "2382"]
[BlackElo "2247"]
[Result "0-1"]
[Round "02"]
[TimeControl "180+1"]
[Date "2022.04.19"]
[WhiteClock "0:00:14"]
[BlackClock "0:00:22"]

1. d4 Nf6 2. c4 e6 3. Nf3 d5 4. Nc3 Be7 5. Bg5 O-O 6. e3 Nbd7 7. cxd5 exd5 8. Bd3 c6 9. Qc2 Re8 10. O-O Nf8 11. Rab1 a5 12. a3 Ng6 13. b4 axb4 14. axb4 Be6 15. Na4 Nd7 16. Bxe7 Qxe7 17. Nc5 b5 18. Nxd7 Bxd7 19. Rfc1 Rec8 20. Bf5 Ra4 21. Bxd7 Qxd7 22. Ne1 Qg4 23. h3 Qg5 24. Nf3 Qe7 25. Qf5 Rc7 26. Rc5 h6 27. Ne1 Nh4 28. Qg4 Qg5 29. Qxg5 hxg5 30. Nd3 f6 31. Rbc1 Ra3 32. Ne1 Ra6 33. g3 Nf5 34. Rxd5 cxd5 35. Rxc7 Ra1 36. Kf1 Rb1 37. Rd7 Rxb4 38. Rxd5 Ne7 39. Rd7 Kf7 40. Nd3 Rb1+ 41. Kg2 b4 42. Nc5 Ke8 43. Rb7 Nd5 44. Ne6 b3 45. Nxg7+ Kd8 46. Ne6+ Kc8 47. Rb5 b2 48. Nc5 Nc3 49. Rb3 Nd1 50. Nd3 Ra1 51. Rxb2 Nxb2 52. Nxb2 Kd7 53. Nd3 Ke6 54. Kf3 Kf5 55. g4+ Ke6 56. Nc5+ Kd5 57. Ne4 Ra6 58. Ng3 Ra1 59. Nf5 Rh1 60. e4+ Ke6 61. Kg2 Re1 62. f3 Rd1 63. Kf2 Rh1 64. d5+ Kf7 65. Kg2 Rd1 66. h4 gxh4 67. Nxh4 Rd2+ 68. Kg3 Rd1 69. Nf5 Rd2 70. Kf4 Rd3 71. Ng3 Ra3 72. Ne2 Rd3 73. Kg3 Ke7 74. Nf4 Rd1 75. Nh5 Kf7 76. Kf4 Rd3 77. Kg3 Rd1 78. f4 Rd3+ 79. Kh4 Rd4 80. Ng3 Kg6 81. f5+ Kh6 82. Kh3 Kg5 83. Nh5 Rxe4 84. Ng3 Rd4 85. Kg2 Kxg4 86. Ne2 Rxd5 87. Kf2 Kxf5 88. Ke3 Re5+ 89. Kf3 Rxe2 90. Kxe2 Kg4 91. Kf2 Kf4 92. Ke2 Kg3 93. Ke3 f5 94. Ke2 f4 95. Kf1 Kf3 96. Kg1 Ke2 97. Kg2 f3+ 98. Kh3 f2 99. Kh4 f1=Q 100. Kh5 Qg1 101. Kh6 Kf3 102. Kh7 Kf4 0-1


[Site "https://www.chess.com"]